 Dungeon Crawl Stone Soup version 0.31.0-11-ge490571c62 (webtiles) character file.

Game seed: 12320321855435315330

41 qw the Shooter (level 3, -8/18 HPs)
             Began as a Spriggan Hunter on Feb 3, 2024.
             Mangled by Sigmund
             ... wielding a +0 scythe
              (10 damage)
             ... on level 2 of the Dungeon.
             The game lasted 00:00:04 (1065 turns).

qw the Shooter (Spriggan Hunter)                    Turns: 1065, Time: 00:00:04

Health: -8/18      AC:  6    Str:  7    XL:     3   Next: 32%
Magic:  4/4        EV: 19    Int: 10    God:
Gold:   122        SH:  0    Dex: 20    Spells: 2/2 levels left

rFire   . . .        a - +0 shortbow
rCold   . . .        (shield currently unavailable)
rNeg    . . .        c - +0 robe
rPois   .            (helmet restricted)
rElec   .            (no cloak)
rCorr   .            (gloves unavailable)
SInv    +            (boots unavailable)
Will    .....        (no amulet)
Stlth   ++           g - +4 ring of protection
HPRegen 0.23/turn    (no ring)
MPRegen 0.09/turn

%: no passive effects
@: on berserk cooldown, hasted (expiring), very quick
A: very small, no large weapons, unfitting armour, see invisible, speed 3
a: no special abilities


You were on level 2 of the Dungeon.
You visited 1 branch of the dungeon, and saw 2 of its levels.

You collected 122 gold pieces.


Innate Abilities, Weirdness & Mutations

You are very small and have problems with some larger weapons.
You are too small for most types of armour.
You have supernaturally acute eyesight. (SInv)
You cover ground extremely quickly. (Speed+++)


   Skills:
 - Level 1.5 Fighting
 + Level 4.6 Ranged Weapons
 - Level 4.0 Dodging
 - Level 1.5 Stealth


You had 2 spell levels left.
You didn't know any spells.
Your spell library was empty.

Inventory:

Hand Weapons
 a - a +0 shortbow (weapon)
Armour
 c - a +0 robe (worn)
 h - a +2 cloak
Jewellery
 g - a +4 ring of protection (left hand)
Scrolls
 d - a scroll of brand weapon {unknown}
 k - 4 scrolls of identify
Potions
 e - a potion of haste

Dungeon Overview and Level Annotations

Branches:
Dungeon (2/15)

Altars:

Annotations:
D:2 Sigmund


Message History

Sigmund points at you and mumbles some strange words.
You are confused.
Sigmund completely misses you. Sigmund misses you.
Sigmund completely misses you.
You feel less confused.
You shoot an arrow.
The arrow hits Sigmund but does no damage.
Sigmund is severely wounded.
Sigmund completely misses you.
You shoot an arrow.
The arrow hits Sigmund but does no damage.
Sigmund is severely wounded.
Sigmund completely misses you.
You shoot an arrow. The arrow barely misses Sigmund.
Sigmund hits you from afar with a +0 scythe!
You shoot an arrow. The arrow barely misses Sigmund.
You shoot an arrow. The arrow closely misses Sigmund.
Sigmund casts a spell at you. The puff of flame hits you!
Ouch! That really hurt!
Sigmund closely misses you.
You shoot an arrow. The arrow hits Sigmund.
Sigmund is severely wounded.
Your extra speed is starting to run out.
You shoot an arrow. The arrow closely misses Sigmund.
You feel yourself speed up.
Sigmund casts a spell.
Sigmund flickers and vanishes for a moment.
Sigmund says, "I'm your fate." Sigmund misses you.
You shoot an arrow. The arrow hits Sigmund.
Sigmund is almost dead.
You shoot an arrow.
The arrow hits Sigmund but does no damage.
Sigmund is almost dead.
Sigmund hits you from afar with a +0 scythe!
Ouch! That really hurt!
You die...
Sigmund begins carving another notch in his scythe.

#.###.#.# #.# #.#
#.# #.#.#
#.###########.#
#.# #.#.#
#(............#
#.# #.#.#
###############
#.# #.#.# #.#
#.#.# #.# #.#..
#.# #.############
#.# #.....@.@.....
#.################
#.#...........#
#.#.#########.#
#.#.# #.# #.#.#
#.# #######.#.#
#.# ........#.#
#.# #########.#
#.#


You could see Sigmund (invisible).

Vanquished Creatures
  2 adders (D:2)
  3 bats
  A giant cockroach (D:1)
  4 goblins (D:1)
  5 hobgoblins
  2 kobolds (D:1)
  2 ball pythons (D:1)
  A frilled lizard (D:1)
  3 rats (D:1)
23 creatures vanquished.

Notes
Turn   | Place    | Note
-------+----------+-------------------------------------------
     0 | D:1      | qw the Spriggan Hunter began the quest for the Orb.
     0 | D:1      | Reached XP level 1. HP: 10/10 MP: 2/2
     0 | D:1      | 0 ||| qw: Version: 0.3-a-157-g843a77d
     0 | D:1      | 0 ||| qw: Game counter: 4008
     0 | D:1      | 0 ||| qw: Melee chars always use a shield: true
     0 | D:1      | 0 ||| qw: God list: Okawaru
     0 | D:1      | 0 ||| qw: Allow faded altars: false
     0 | D:1      | 0 ||| qw: Do Orc after clearing Dungeon:15 true
     0 | D:1      | 0 ||| qw: Do second Lair branch before Depths: true
     0 | D:1      | 0 ||| qw: Lair rune preference: random
     0 | D:1      | 0 ||| qw: Goals: Normal
     0 | D:1      | 0 ||| PLANNING D:1-11
     7 | D:1      | Reached skill level 3 in Dodging
   102 | D:1      | Reached XP level 2. HP: 14/14 MP: 3/3
   473 | D:1      | 473 ||| DROPPING amulet of magic regeneration.
   474 | D:1      | 474 ||| UPGRADING to +4 ring of protection.
   475 | D:1      | 475 ||| READING scroll labelled EHUBECREVINI.
   576 | D:1      | 576 ||| READING scroll labelled QOGOIG XAOSOU.
   577 | D:1      | 577 ||| READING scroll labelled LUOJAO LEUSSA.
   578 | D:1      | 578 ||| READING scroll labelled LOSTUC WYCOVORPH.
   579 | D:1      | 579 ||| READING 3 scrolls labelled XUCLIK YMUOF.
   579 | D:1      | 579 ||| IDENTIFYING 2 amethyst potions
   580 | D:1      | 580 ||| DROPPING scroll of butterflies.
   582 | D:1      | 582 ||| Stepping ~*~*~tactically~*~*~ (cloud).
   587 | D:1      | HP: 3/14 [poisoned by you (poison gas)]
   589 | D:1      | HP: 1/14 [poisoned by you (poison gas)]
   675 | D:2      | Reached XP level 3. HP: 18/18 MP: 4/4
  1029 | D:2      | Noticed Sigmund
  1031 | D:2      | 1031 ||| DRINKING 2 potions of haste.
  1037 | D:2      | 1037 ||| DRINKING sedimented pink potion.
  1042 | D:2      | 1042 ||| DRINKING smoky emerald potion.
  1061 | D:2      | HP: 1/18 [Sigmund/puff of flame (9)]
  1065 | D:2      | Mangled by Sigmund

Levels and vault maps discovered:
D:1:      scummos_arrival_forest, layout_rooms, minmay_misc_feat_rugged,
          st_stairs_11, minmay_misc_feat_encased, minmay_box_of_dots
D:2:      layout_basic, hangedman_decor_peaks_small, uniq_natasha,
          uniq_crazy_yiuf_cottage, uniq_sigmund

Skill      XL: |  1  2 |
---------------+-------+-----
Dodging        | 3 4 |  4.0
Fighting       | |  1.5
Ranged Weapons | |  4.6
Stealth        | |  1.5

Action                     || total
---------------------------++-------
   Fire: Shortbow          ||    89
    Use: Scroll            ||     5
         Potion            ||     3
 Armour: Robe              ||    12
  Dodge: Dodged            ||    41

Table legend:
 A = Non-vault XP
 B = Vault XP
 C = Vault XP percentage of total XP
 D = Non-vault monster count
 E = Vault monster count
 F = Vault count percentage of total count
                 A         B        C        D         E       F
            +---------+---------+-------+---------+---------+-------
      Total |      50 |       9 |  15.3 |      18 |       5 |  21.7
            +---------+---------+-------+---------+---------+-------
        D:1 |      19 |       9 |  32.1 |      13 |       5 |  27.8
        D:2 |      31 |       0 |   0.0 |       5 |       0 |   0.0
            +---------+---------+-------+---------+---------+-------
